[Event "ICCopen2016"]
[Site "Internet Chess Club"]
[Date "2016.06.04"]
[Round "4"]
[White "Taechess"]
[Black "ebochess"]
[Result "0-1"]
[ICCResult "White forfeits on time"]
[WhiteElo "1285"]
[BlackElo "1512"]
[Opening "Caro-Kann: Bronstein-Larsen variation"]
[ECO "B16"]
[NIC "CK.07"]
[Time "14:34:17"]
[TimeControl "180+0"]

1. e4 c6 2. d4 d5 3. Nc3 dxe4 4. Nxe4 Nf6 5. Nxf6+ gxf6 6. Nf3 Bf5 7. c3 e6
8. Bd3 Bxd3 9. Qxd3 Bd6 10. Be3 Nd7 11. O-O-O Qc7 12. h3 O-O-O 13. Qc2 Bf4
14. Bxf4 Qxf4+ 15. Kb1 Nb6 16. Qd3 Nd5 17. g3 Qd6 18. c4 Nb4 19. Qc3 Qe7 20.
a3 Na6 21. d5 c5 22. dxe6 fxe6 23. g4 Rxd1+ 24. Rxd1 Rd8 25. Rxd8+ Qxd8 26.
b4 Qd1+ 27. Kb2 cxb4 28. axb4 Qa4 29. b5 Nc5 30. Qxf6 Qb3+ 31. Kc1 Qxc4+ 32.
Kd1 Qb3+ 33. Ke1 Nd3+ 34. Kf1 Qd5 35. Ng5 Ne5 36. Qxe6+ Qxe6 37. Nxe6 Kd7
38. Nf8+ Kd6 39. Nxh7 Kc5 40. f4 Ng6 41. f5 Ne5 42. f6 Kxb5 43. Ng5 Ng6 44.
f7 a5 45. Ne6 a4 46. Nd4+ Kc4 47. Nc2 Kb3 48. Nd4+ Kb2 49. Nb5 Kb3 50. h4
Kb4 51. h5 Nf8 52. Nc7 a3 53. Nd5+ Kb3 54. Ne3 a2 55. g5 a1=Q+ 56. Kf2 Qb2+
57. Kf3 Qc3 58. g6 Nxg6 59. hxg6 Qg7 {White forfeits on time} 0-1

[Event "ICCopen2016"]
[Site "Internet Chess Club"]
[Date "2016.06.04"]
[Round "4"]
[White "fviana"]
[Black "Federicov"]
[Result "0-1"]
[ICCResult "White resigns"]
[WhiteElo "2197"]
[BlackElo "3170"]
[Opening "Sicilian: Najdorf, Zagreb (fianchetto) variation"]
[ECO "B91"]
[NIC "SI.14"]
[Time "14:34:44"]
[TimeControl "180+0"]

1. e4 c5 2. Nf3 d6 3. d4 cxd4 4. Nxd4 Nf6 5. Nc3 a6 6. g3 e5 7. Nde2 Be7 8.
h3 b5 9. Bg2 Nbd7 10. g4 b4 11. Nd5 Nxd5 12. exd5 h5 13. Ng3 hxg4 14. hxg4
Rxh1+ 15. Bxh1 Nc5 16. Be3 Bg5 17. Bxc5 dxc5 18. Ne4 Bf4 19. d6 Bb7 20. Nf6+
Qxf6 21. Bxb7 Rd8 22. Bxa6 Rxd6 23. Bb5+ Ke7 24. Qf3 e4 25. Qb3 Be5 26. Rd1
Rxd1+ 27. Kxd1 Qxf2 28. Qd5 Qg1+ 29. Ke2 Qxg4+ 30. Ke1 Bg3+ 31. Kd2 Bf4+ 32.
Ke1 Qg3+ 33. Ke2 Qf3+ 34. Ke1 Bg3+ 35. Kd2 Qf2+ 36. Be2 Bf4+ {White resigns}
0-1

[Event "ICCopen2016"]
[Site "Internet Chess Club"]
[Date "2016.06.04"]
[Round "4"]
[White "leonardoalmeida"]
[Black "karodash"]
[Result "0-1"]
[ICCResult "White checkmated"]
[WhiteElo "1817"]
[BlackElo "1596"]
[Opening "English opening"]
[ECO "A13"]
[NIC "EO.64"]
[Time "14:34:38"]
[TimeControl "180+0"]

1. c4 e6 2. Nc3 d5 3. cxd5 exd5 4. d4 f5 5. Nf3 Nf6 6. Bg5 c6 7. e3 Be7 8.
Bxf6 Bxf6 9. Bd3 O-O 10. Qc2 Be7 11. h3 h6 12. Ne5 Nd7 13. Ng6 Rf6 14. Bxf5
Nb6 15. Nxe7+ Qxe7 16. Bxc8 Rxc8 17. O-O Rcf8 18. a4 Nc4 19. b3 Nxe3 20.
fxe3 Qxe3+ 21. Kh2 Rxf1 22. Rxf1 Rxf1 23. Ne2 Rf2 24. Qg6 Qxe2 25. h4 Qe3
26. h5 Qf4+ 27. Kh3 Qf5+ 28. g4 Qxg6 29. hxg6 Rf3+ 30. Kh4 Rxb3 31. g5 Rb4
32. gxh6 gxh6 33. Kh5 Kg7 34. a5 Ra4 35. a6 Rxa6 36. Kg4 Ra1 37. Kf5 Rf1+
38. Ke6 Kxg6 39. Kd6 Rf4 40. Kc7 Rxd4 41. Kxb7 Rf4 42. Kxc6 d4 43. Kd5 d3
44. Ke5 Kg5 45. Ke6 d2 46. Ke5 d1=Q 47. Ke6 Qe2+ 48. Kd5 Qe4+ 49. Kc5 Rf5+
50. Kd6 Qe5+ 51. Kd7 Rf6 52. Kc8 Qe7 53. Kb8 Rf8# {White checkmated} 0-1

[Event "ICCopen2016"]
[Site "Internet Chess Club"]
[Date "2016.06.04"]
[Round "4"]
[White "kolding"]
[Black "VisualEYES"]
[Result "1-0"]
[ICCResult "Black forfeits on time"]
[WhiteElo "1665"]
[BlackElo "2025"]
[Opening "Pirc defense"]
[ECO "B07"]
[NIC "PU.08"]
[Time "14:34:39"]
[TimeControl "180+0"]

1. e4 d6 2. d4 Nf6 3. Nc3 e5 4. dxe5 dxe5 5. Bg5 Qxd1+ 6. Rxd1 c6 7. Nf3
Nbd7 8. Bc4 h6 9. Bh4 b5 10. Bb3 a5 11. a4 b4 12. Ne2 Nxe4 13. O-O g5 14.
Bg3 Nxg3 15. fxg3 Bc5+ 16. Kh1 Ba6 17. Nfg1 f6 18. Rf3 Ke7 19. c3 h5 20.
cxb4 axb4 21. Rc1 h4 22. gxh4 Rxh4 23. Ng3 Kd8 24. Rd1 Kc7 25. Be6 Nb6 26.
Rxf6 Rah8 27. h3 g4 28. Kh2 gxh3 29. gxh3 Nd5 30. Rf7+ Kb6 31. Nf3 Rxh3+ 32.
Bxh3 Nf4 33. Ng5 Bc8 34. Nf5 Rh5 35. Rd8 Nxh3 36. Nxh3 Bxf5 37. Rb8+ Ka6 38.
Ra8+ Kb6 39. a5+ Kb5 40. Rb7+ Kc4 41. b3+ Kc3 42. Rf7 {Black forfeits on
time} 1-0

[Event "ICCopen2016"]
[Site "Internet Chess Club"]
[Date "2016.06.04"]
[Round "4"]
[White "luckypawns"]
[Black "nikenwidiartto"]
[Result "0-1"]
[ICCResult "White forfeits on time"]
[WhiteElo "1595"]
[BlackElo "1855"]
[Opening "Ware (Meadow Hay) opening"]
[ECO "A00"]
[Time "14:35:04"]
[TimeControl "180+0"]

1. a4 d5 2. b3 e5 3. Bb2 Bd6 4. e3 Nf6 5. Nf3 Qe7 6. Bb5+ c6 7. Be2 O-O 8.
Nc3 Nbd7 9. O-O Re8 10. Ng5 h6 11. Nf3 e4 12. Nd4 Qe5 13. f4 exf3 14. Nxf3
Qh5 15. Qe1 Ne4 16. Rd1 Ndf6 17. Qh4 Qg6 18. Nxe4 Nxe4 19. Nd4 Be7 20. Qh5
Qxh5 21. Bxh5 Nf6 22. Be2 Bd6 23. Nf5 Bxf5 24. Rxf5 Ne4 25. d3 Ng5 26. Rdf1
Rxe3 27. Bd1 Re7 28. h4 Ne6 29. R1f3 Bc5+ 30. Kh1 Nd4 31. Bxd4 Bxd4 32. Rf1
Rae8 33. g4 f6 34. Kg2 Re1 35. Kf3 Rxf1+ {White forfeits on time} 0-1

[Event "ICCopen2016"]
[Site "Internet Chess Club"]
[Date "2016.06.04"]
[Round "4"]
[White "HuevosDeLeon"]
[Black "Darnoc"]
[Result "0-1"]
[ICCResult "White forfeits on time"]
[WhiteElo "2677"]
[BlackElo "2862"]
[Opening "Queen's pawn, Mason variation"]
[ECO "D00"]
[NIC "QP.08"]
[Time "14:34:29"]
[TimeControl "180+0"]

1. d4 d5 2. Bf4 Nf6 3. e3 c5 4. c3 Nc6 5. Nd2 Bf5 6. Qb3 Qd7 7. Ngf3 c4 8.
Qd1 e6 9. Ne5 Nxe5 10. Bxe5 Be7 11. b3 cxb3 12. axb3 O-O 13. Be2 Rfc8 14. c4
Bb4 15. O-O Qe7 16. c5 a5 17. Bd6 Qd8 18. Be5 Nd7 19. Bg3 b6 20. Nf3 bxc5
21. dxc5 Nxc5 22. Nd4 Bg6 23. Bb5 Qb6 24. Qe2 Ne4 25. Bd7 Nxg3 26. hxg3 Rc7
27. Ba4 Rac8 28. Qb5 Qc5 29. Qa6 h6 30. Rfd1 Ra7 31. Qe2 Qb6 32. Nb5 Raa8
33. Nd4 Rc5 34. Rac1 Rac8 35. Rxc5 Rxc5 36. g4 Qc7 37. g3 Rc1 38. Kg2 Be4+
39. f3 Bg6 40. Rxc1 Qxc1 41. Bb5 Qc3 42. Ba6 Bc5 43. Nb5 Qxb3 44. Kf2 a4 45.
Nd4 Bxd4 46. exd4 a3 47. Qe1 Qb2+ 48. Ke3 a2 49. Qa5 a1=Q 50. Qd8+ Kh7 51.
Kf4 Qac1+ 52. Ke5 Qe3+ 53. Kd6 Qbxd4 54. Ke7 Qc5+ 55. Ke8 f5+ 56. Kd7 Qa7+
57. Kc8 Qxa6+ 58. Kd7 Qea7+ 59. Qc7 Qxc7+ 60. Kxc7 fxg4 61. Kb8 gxf3 62. Kc7
f2 63. Kb8 f1=Q 64. Kc7 Qb1 {White forfeits on time} 0-1

[Event "ICCopen2016"]
[Site "Internet Chess Club"]
[Date "2016.06.04"]
[Round "4"]
[White "oriGinal"]
[Black "capatal1"]
[Result "1-0"]
[ICCResult "Black forfeits on time"]
[WhiteElo "1763"]
[BlackElo "1361"]
[Opening "Queen's pawn: Torre attack"]
[ECO "A45"]
[NIC "QP.04"]
[Time "14:35:38"]
[TimeControl "180+0"]

1. d4 Nf6 2. Bg5 e6 3. Nf3 Be7 4. e3 d5 5. Bb5+ c6 6. Bd3 Nbd7 7. O-O c5 8.
c3 c4 9. Bc2 b5 10. Nbd2 Bb7 11. Qe2 a5 12. Rad1 h6 13. Bh4 Qc7 14. Bg3 Qc8
15. Ne5 Nxe5 16. Bxe5 Qd7 17. Bxf6 Bxf6 18. e4 dxe4 19. Nxe4 Qe7 20. Nc5 Bd5
21. Be4 Qd6 22. Rfe1 O-O 23. Qg4 Kh8 24. f3 Be7 25. Qh5 f5 26. Bxd5 Qxd5 27.
Rxe6 Rae8 28. Rde1 Bxc5 29. Rxe8 Qd6 30. dxc5 Qxc5+ 31. Kf1 Kh7 32. Rxf8
Qxf8 33. Re5 g6 34. Qh4 {Black forfeits on time} 1-0

[Event "ICCopen2016"]
[Site "Internet Chess Club"]
[Date "2016.06.04"]
[Round "4"]
[White "jupitor1"]
[Black "goran-esyu"]
[Result "0-1"]
[ICCResult "White forfeits on time"]
[WhiteElo "944"]
[BlackElo "2282"]
[Opening "Sicilian: Smith-Morra gambit"]
[ECO "B21"]
[NIC "SI.48"]
[Time "14:34:57"]
[TimeControl "180+0"]

1. e4 c5 2. d4 cxd4 3. Qxd4 Nc6 4. Qe3 e6 5. Nc3 d6 6. Bb5 Bd7 7. a3 Nf6 8.
h3 Be7 9. Nf3 O-O 10. O-O a6 11. Ba4 b5 12. Bb3 Rc8 13. Ba2 Qc7 14. Bd2 Na5
15. b4 Nc4 16. Bxc4 Qxc4 17. Qd4 Qxd4 18. Nxd4 Rc4 19. Rac1 Rxd4 20. Be3 Rc4
21. Bd2 Rfc8 22. f3 Rxc3 23. Bxc3 Rxc3 24. Rfe1 Nh5 25. Kf2 Bh4+ 26. Ke2
Bxe1 27. Kxe1 Rxa3 28. c4 bxc4 29. Rxc4 g5 30. Rc7 Bb5 31. Rc8+ Kg7 32. Kf2
Rb3 {White forfeits on time} 0-1

[Event "ICCopen2016"]
[Site "Internet Chess Club"]
[Date "2016.06.04"]
[Round "4"]
[White "zloco"]
[Black "Freedoom"]
[Result "0-1"]
[ICCResult "White forfeits on time"]
[WhiteElo "2361"]
[BlackElo "1910"]
[Opening "English: Neo-Catalan declined"]
[ECO "E06"]
[NIC "RE.11"]
[Time "14:34:51"]
[TimeControl "180+0"]

1. Nf3 d5 2. g3 e6 3. c4 Nf6 4. Bg2 Be7 5. O-O O-O 6. d4 b6 7. Qc2 Bb7 8.
Rd1 Na6 9. a3 c5 10. dxc5 bxc5 11. Nc3 Nc7 12. Bf4 Rc8 13. Ne5 Ba8 14. Rac1
Qe8 15. Qa4 d4 16. Bxa8 Nxa8 17. Nb5 Nh5 18. Qxa7 Nxf4 19. gxf4 f6 20. Nf3
Rf7 21. Kh1 Bf8 22. Qa6 e5 23. fxe5 fxe5 24. Rg1 Rc6 25. Qa4 e4 26. Ng5 Rxf2
27. Rcf1 Rxe2 28. Qd1 d3 29. Rg4 Qh5 30. Rg2 Rh6 {White forfeits on time}
0-1

[Event "ICCopen2016"]
[Site "Internet Chess Club"]
[Date "2016.06.04"]
[Round "4"]
[White "Creedence"]
[Black "Indiana-Jones"]
[Result "1-0"]
[ICCResult "Black forfeits on time"]
[WhiteElo "3094"]
[BlackElo "2822"]
[Opening "Queen's Indian: Nimzovich variation (exaggerated fianchetto)"]
[ECO "E15"]
[NIC "QI.05"]
[Time "14:34:42"]
[TimeControl "180+0"]

1. d4 Nf6 2. c4 e6 3. Nf3 b6 4. g3 Ba6 5. Qb3 Nc6 6. Nbd2 h5 7. e3 Bb7 8.
Bg2 h4 9. gxh4 Ne7 10. Rg1 Nf5 11. Qc2 Bb4 12. a3 Be4 13. Qd1 Bxd2+ 14. Bxd2
Nxh4 15. Nxh4 Rxh4 16. f3 Bg6 17. h3 d5 18. cxd5 Qxd5 19. Qe2 O-O-O 20. Qf2
Rhh8 21. Bc3 Qc4 22. e4 Nh5 23. Bf1 Qb3 24. Rc1 Nf4 25. Qg3 e5 26. dxe5 Ne6
27. Be2 Kb8 28. Kf2 Rd7 29. Rgd1 Rhd8 30. Qg1 Nf4 31. Qg4 Rxd1 32. Rxd1 Rxd1
33. Bxd1 Qxd1 34. Qxf4 Bh5 35. e6 fxe6 36. Bxg7 Qh1 37. h4 Kb7 38. Bc3 Qd1
39. Be5 Qc2+ 40. Kg3 Qd1 41. Qe3 a5 42. Kf4 Qd8 43. Kg3 Qg8+ 44. Qg5 Qf7 45.
f4 Qe8 46. f5 exf5 47. Qxf5 Bg6 48. Qf4 Qe6 49. Bxc7 Qc6 50. Be5 Bxe4 51. h5
Ka6 52. Kh4 Qc2 53. h6 Qg2 54. Qg3 Qh1+ 55. Kg5 Bf3 56. Bf4 Qh5+ 57. Kf6 Be4
58. Qg5 Qd1 59. Qe5 Qd8+ 60. Qe7 Qd5 61. Be5 {Black forfeits on time} 1-0

[Event "ICCopen2016"]
[Site "Internet Chess Club"]
[Date "2016.06.04"]
[Round "4"]
[White "zealous"]
[Black "e8thatcat"]
[Result "1-0"]
[ICCResult "Black forfeits on time"]
[WhiteElo "1805"]
[BlackElo "1420"]
[Opening "Grünfeld: modern exchange variation"]
[ECO "D85"]
[NIC "GI.04"]
[Time "14:35:17"]
[TimeControl "180+0"]

1. d4 Nf6 2. c4 g6 3. Nc3 d5 4. cxd5 Nxd5 5. e4 Nxc3 6. bxc3 Bg7 7. Nf3 e6
8. Be2 Nd7 9. O-O Nf6 10. Qc2 b6 11. Ba3 Bb7 12. Nd2 Rc8 13. Rad1 c6 14. Bf3
Qc7 15. Nc4 Rd8 16. e5 Nd5 17. Nd6+ Rxd6 18. Bxd6 Qd7 19. c4 Nf4 20. g3 Nh5
21. Qe2 Bf8 22. Bxf8 Rxf8 23. Bxh5 gxh5 24. Qxh5 c5 25. dxc5 Qc6 26. f3
Qxc5+ 27. Kg2 Qxc4 28. Qg5 Qc7 29. Rd6 Qe7 30. Qxe7+ Kxe7 31. Rfd1 Bd5 32.
a3 {Black forfeits on time} 1-0

[Event "ICCopen2016"]
[Site "Internet Chess Club"]
[Date "2016.06.04"]
[Round "4"]
[White "MrGioMu"]
[Black "hawkstorm"]
[Result "1-0"]
[ICCResult "Black checkmated"]
[WhiteElo "1855"]
[BlackElo "1560"]
[Opening "English opening"]
[ECO "A10"]
[NIC "EO.64"]
[Time "14:34:42"]
[TimeControl "180+0"]

1. c4 d5 2. cxd5 Qxd5 3. d4 Qh5 4. Nc3 Nf6 5. h3 Nc6 6. a3 e6 7. g4 Nxg4 8.
e3 Nxf2 9. Kxf2 Qh4+ 10. Kg2 Bd6 11. Qg4 Qh6 12. e4 Qg6 13. Qxg6 hxg6 14.
Nf3 Bd7 15. Be3 Na5 16. Rd1 b6 17. b4 Nb7 18. d5 O-O-O 19. Ba6 f5 20. e5 Be7
21. d6 cxd6 22. exd6 Bf6 23. Ne2 Kb8 24. Bxb7 Kxb7 25. Bg5 Bc6 26. h4 e5 27.
Kg3 Rd7 28. Nc3 e4 29. Nd4 Be5+ 30. Bf4 Bxf4+ 31. Kxf4 Rxd6 32. Nxc6 Rxc6
33. Nb5 Ka6 34. Nd6 Rb8 35. b5+ Ka5 36. bxc6 b5 37. c7 Rc8 38. Nxc8 Ka4 39.
Ne7 Kxa3 40. c8=Q b4 41. Qa6+ Kb3 42. Rb1+ Kc3 43. Rhc1+ Kd2 44. Qf1 e3 45.
Qe1+ Kd3 46. Qxe3# {Black checkmated} 1-0

[Event "ICCopen2016"]
[Site "Internet Chess Club"]
[Date "2016.06.04"]
[Round "4"]
[White "oskarito"]
[Black "GreyWarden"]
[Result "0-1"]
[ICCResult "White checkmated"]
[WhiteElo "2440"]
[BlackElo "2055"]
[Opening "Ruy Lopez: closed, Bogolyubov variation"]
[ECO "C91"]
[NIC "RL.20"]
[Time "14:34:50"]
[TimeControl "180+0"]

1. e4 e5 2. Nf3 Nc6 3. Bb5 a6 4. Ba4 Nf6 5. O-O Be7 6. Re1 b5 7. Bb3 d6 8.
c3 O-O 9. d4 Bg4 10. d5 Nb8 11. h3 Bh5 12. Nbd2 c6 13. dxc6 Nxc6 14. Nf1 h6
15. Ng3 Bg6 16. Nh4 Bh7 17. Ngf5 Na5 18. Bc2 Re8 19. a4 Bf8 20. Qe2 Rb8 21.
axb5 axb5 22. Rd1 Qc7 23. Qf3 Nd7 24. Bb1 Nc4 25. b3 Ncb6 26. Bb2 Nc5 27.
Ba2 d5 28. b4 Nxe4 29. Rxd5 Nxd5 30. Bxd5 Nf6 31. Nxh6+ gxh6 32. Qxf6 Bg7
33. Qf3 e4 34. Qg4 Qe5 35. Bb3 e3 36. f4 Qe4 37. c4 Bg6 38. Bxg7 Kxg7 39.
cxb5 e2 40. Re1 Qxb4 41. Nf5+ Kh7 42. Qg3 Rg8 43. Ne3 Bd3 44. Qf2 Be4 45. f5
Qd4 46. Qf4 Rxg2+ 47. Kh1 Rf2+ 48. Kg1 Rxf4 49. Bxf7 Qxe3+ 50. Kh2 Rf2+ 51.
Kg1 Qg3# {White checkmated} 0-1

[Event "ICCopen2016"]
[Site "Internet Chess Club"]
[Date "2016.06.04"]
[Round "4"]
[White "JUGGERNOT"]
[Black "kfactor"]
[Result "1-0"]
[ICCResult "Black forfeits on time"]
[WhiteElo "1809"]
[BlackElo "1393"]
[Opening "Bird's opening"]
[ECO "A02"]
[NIC "VO.07"]
[Time "14:34:32"]
[TimeControl "180+0"]

1. f4 e6 2. Nf3 c6 3. e4 d5 4. exd5 cxd5 5. d4 h5 6. Bd3 g6 7. c3 a6 8. O-O
b5 9. Qc2 Ne7 10. Ne5 Bb7 11. Nd2 Nbc6 12. Ndf3 Rg8 13. Ng5 Nxe5 14. fxe5
Nf5 15. Bxf5 gxf5 16. h4 Be7 17. Bf4 Bxg5 18. Bxg5 Rxg5 19. hxg5 Qxg5 20.
Rf3 h4 21. a4 Bc6 22. b3 Kd7 23. c4 Rg8 24. c5 b4 25. a5 Bb5 26. Rd1 Kc6 27.
Qd2 Qg4 28. Kh2 f4 29. Rg1 h3 30. Rxh3 Qf5 31. Qf2 Rg5 32. Qd2 Bd3 33. Qxb4
Bb5 34. Qd2 Rh5 35. Re1 Rxh3+ 36. gxh3 f3 37. Qe3 f2 38. Rd1 f1=Q 39. Rxf1
Qxf1 40. b4 Be2 41. Kg3 Bc4 42. h4 Qh1 43. Kg4 Qh2 44. Kg5 Be2 45. Qf4 Qg2+
46. Kf6 Qg8 47. Ke7 Qc8 48. Kxf7 {Black forfeits on time} 1-0

[Event "ICCopen2016"]
[Site "Internet Chess Club"]
[Date "2016.06.04"]
[Round "4"]
[White "kaimann"]
[Black "khekhm"]
[Result "0-1"]
[ICCResult "White forfeits on time"]
[WhiteElo "1985"]
[BlackElo "2550"]
[Opening "Benko's opening"]
[ECO "A00"]
[NIC "VO.09"]
[Time "14:34:57"]
[TimeControl "180+0"]

1. g3 Nf6 2. Bg2 g6 3. e4 Bg7 4. e5 Ng8 5. f4 d6 6. exd6 exd6 7. Nf3 Ne7 8.
O-O O-O 9. d4 Bf5 10. c3 Qd7 11. Re1 Nbc6 12. Be3 Rae8 13. Nbd2 Bh3 14. Bh1
h6 15. Bf2 Nd5 16. Qb3 Nb6 17. a4 a5 18. Qb5 d5 19. Ne5 Qd6 20. Nb3 g5 21.
Nc5 Bc8 22. Nb3 Qf6 23. Be3 Ne7 24. Qxa5 Nf5 25. Bd2 Nc4 26. Nxc4 dxc4 27.
Nc5 b6 28. Qa7 bxc5 29. Qxc5 Qb6 30. Qxb6 cxb6 31. Bd5 Nd6 32. a5 bxa5 33.
Kf2 Bb7 34. Bxb7 Nxb7 35. Ra4 Rxe1 36. Bxe1 Rc8 37. Bd2 Bf6 38. fxg5 Bxg5
39. Bxg5 hxg5 40. Kf3 f5 41. h4 gxh4 42. gxh4 Kf7 43. Kf4 Kf6 44. h5 Nd8 45.
Rxa5 Ne6+ 46. Kf3 Rb8 47. Ra2 Kg5 {White forfeits on time} 0-1

[Event "ICCopen2016"]
[Site "Internet Chess Club"]
[Date "2016.06.04"]
[Round "4"]
[White "EeEk"]
[Black "NAS"]
[Result "1/2-1/2"]
[ICCResult "Game drawn by mutual agreement"]
[WhiteElo "1898"]
[BlackElo "1642"]
[Opening "QGD semi-Slav"]
[ECO "D43"]
[NIC "QP.08"]
[Time "14:36:19"]
[TimeControl "180+0"]

1. d4 d5 2. Nf3 Nf6 3. c4 e6 4. Nc3 c6 5. Bf4 Bd6 6. Bg3 Bxg3 7. hxg3 Qe7 8.
e3 h6 9. Ne5 Nbd7 10. f4 Nxe5 11. fxe5 Ne4 12. Nxe4 dxe4 13. c5 Qg5 14. Kf2
f6 15. Rh5 Qg6 16. Be2 fxe5 17. Rxe5 O-O+ 18. Kg1 Qxg3 19. Rxe4 e5 20. Rxe5
Qf2+ 21. Kh1 Qh4+ {Game drawn by mutual agreement} 1/2-1/2

[Event "ICCopen2016"]
[Site "Internet Chess Club"]
[Date "2016.06.04"]
[Round "4"]
[White "HeyBooBooULose"]
[Black "saira"]
[Result "0-1"]
[ICCResult "White checkmated"]
[WhiteElo "1328"]
[BlackElo "1773"]
[Opening "Anti-Borg (Desprez) opening"]
[ECO "A00"]
[Time "14:34:37"]
[TimeControl "180+0"]

1. h4 e5 2. g3 d5 3. Bg2 f5 4. b3 Nf6 5. Bb2 Bd6 6. Nf3 Qe7 7. Nc3 c6 8. a4
Be6 9. Ng5 Bg8 10. e3 h6 11. Nh3 Nbd7 12. Qe2 Be6 13. Ng1 e4 14. Na2 O-O 15.
Nh3 Bf7 16. Nf4 Ne5 17. Bxe5 Bxe5 18. c3 Rad8 19. Nb4 a5 20. Nc2 c5 21. Qb5
d4 22. cxd4 cxd4 23. exd4 Bxd4 24. Nxd4 Rxd4 25. Qxa5 g5 26. Ne2 Rd5 27. Qc3
Qd6 28. hxg5 hxg5 29. Rd1 Rd3 30. Qa5 Nd5 31. Qa7 Qd7 32. b4 Kg7 33. Qa5 Rh8
34. Rxh8 Kxh8 35. Qa8+ Kg7 36. Qa5 b6 37. Qb5 Qxb5 38. axb5 Nxb4 39. Nc3
Nc2+ 40. Ke2 Nd4+ 41. Kf1 Bc4 42. Kg1 Nxb5 43. Nxb5 Bxb5 44. Bf1 Rd5 45.
Bxb5 Rxb5 46. Kf1 Kf6 47. Ke2 Ke5 48. Ke3 f4+ 49. gxf4+ gxf4+ 50. Ke2 Kd4
51. Rc1 Rb2 52. Kd1 b5 53. Rc6 Rb1+ 54. Kc2 Rf1 55. Rd6+ Ke5 56. Rc6 Rxf2
57. Rc5+ Kd4 58. Rxb5 e3 59. Kd1 Rxd2+ 60. Ke1 Ke4 61. Rb4+ Kf3 62. Rb3 Ra2
63. Kd1 Ra1+ 64. Kc2 Kf2 65. Kd3 e2 66. Rb2 f3 67. Rc2 Kf1 68. Ke3 e1=Q+ 69.
Kxf3 Ra3+ 70. Kf4 Qe6 71. Rf2+ Kxf2 72. Kg5 Qc4 73. Kf5 Ra5+ 74. Kf6 Qc6+
75. Ke7 Ra7+ 76. Kd8 Qb7 77. Ke8 Ra8# {White checkmated} 0-1

[Event "ICCopen2016"]
[Site "Internet Chess Club"]
[Date "2016.06.04"]
[Round "4"]
[White "B-Alqudaimi"]
[Black "marianzaim"]
[Result "1-0"]
[ICCResult "Black forfeits on time"]
[WhiteElo "2438"]
[BlackElo "1975"]
[Opening "Modern defense"]
[ECO "E62"]
[NIC "QO.17"]
[Time "14:34:46"]
[TimeControl "180+0"]

1. d4 g6 2. g3 Bg7 3. Bg2 Nf6 4. c4 O-O 5. Nc3 d6 6. Nf3 a6 7. O-O c5 8. Re1
Nc6 9. b3 Bd7 10. Bb2 Qc7 11. Rc1 Rfc8 12. Qd2 cxd4 13. Nxd4 Nxd4 14. Qxd4
Bc6 15. Nd5 Bxd5 16. cxd5 Qa5 17. Qa4 Qxa4 18. bxa4 Nd7 19. Ba3 Nb6 20. a5
Nc4 21. Bb4 Ne5 22. Bh3 f5 23. a3 Kf7 24. f4 Nd7 25. Rxc8 Rxc8 26. e4 Rc2
27. exf5 gxf5 28. Bxf5 Nf8 29. Bxc2 Bd4+ 30. Kg2 h6 31. Bf5 Bf6 32. h4 Bd4
33. Kh3 Bf6 34. g4 Bd4 35. g5 hxg5 36. hxg5 Bg7 37. Kg4 Bd4 38. Rh1 Bg7 39.
Bd2 Bc3 40. Be6+ Nxe6 41. dxe6+ Kxe6 42. Bxc3 Kd5 43. g6 e5 44. g7
{Black forfeits on time}
1-0

[Event "ICCopen2016"]
[Site "Internet Chess Club"]
[Date "2016.06.04"]
[Round "4"]
[White "mdrasko"]
[Black "YellowBandit1"]
[Result "1-0"]
[ICCResult "Black resigns"]
[WhiteElo "2457"]
[BlackElo "1983"]
[Opening "Réti: King's Indian attack (Barcza system)"]
[ECO "A07"]
[NIC "QP.09"]
[Time "14:37:18"]
[TimeControl "180+0"]

1. Nf3 d5 2. g3 Nc6 3. d4 Bf5 4. Bg2 e6 5. O-O h6 6. c4 Nf6 7. cxd5 Nxd5 8.
Nbd2 Bg6 9. Qb3 Nb6 10. Nc4 Nxd4 11. Nxd4 Qxd4 12. Na5 Bd6 13. Bxb7 Rd8 14.
Nc6 Qg4 15. Nxd8 Kxd8 16. Qf3 Qc4 17. Bf4 Ke7 18. Rfc1 Qb5 19. Bxd6+ cxd6
20. Qc6 Qxc6 21. Rxc6 Rb8 22. Ba6 Nd5 23. b3 Kf6 24. Bc4 Nb4 25. Rxd6 a5 26.
a3 Nc2 27. Ra2 Ke7 28. Rd2 a4 29. Raxc2 Bxc2 30. Rxc2 axb3 31. Rb2 Ra8 32.
Rxb3 Kf6 33. Bb5 g6 34. a4 Ra5 35. e4 h5 36. f4 Ra7 37. Kf2 Rc7 38. Ra3 Rc2+
39. Ke3 Rxh2 40. a5 Rg2 41. Kf3 Rd2 42. a6 Rd8 43. a7 Ra8 44. Bc6
{Black resigns}
1-0

[Event "ICCopen2016"]
[Site "Internet Chess Club"]
[Date "2016.06.04"]
[Round "4"]
[White "LittleMaster"]
[Black "xvannix"]
[Result "1-0"]
[ICCResult "Black checkmated"]
[WhiteElo "2343"]
[BlackElo "1728"]
[Opening "French: exchange variation"]
[ECO "C01"]
[NIC "FR.01"]
[Time "14:34:01"]
[TimeControl "180+0"]

1. e4 e6 2. d4 d5 3. exd5 exd5 4. Nf3 Nf6 5. c3 Be7 6. Be3 O-O 7. Bd3 c6 8.
h3 Be6 9. O-O Nbd7 10. Nbd2 Re8 11. Re1 Nf8 12. Nf1 Ng6 13. Ng3 Qc7 14. Ng5
Bd6 15. Nxe6 Rxe6 16. Nf5 Rae8 17. Nxd6 Qxd6 18. Qf3 Ne4 19. Rad1 Rf6 20.
Qg4 Qe6 21. f3 Nd6 22. Qg3 Qd7 23. Bg5 Rfe6 24. Rxe6 Qxe6 25. h4 Nf5 26. Qf2
h6 27. g4 Nd6 28. Bd2 Nc4 29. Bxc4 dxc4 30. h5 Nf8 31. Re1 Qd7 32. Bf4 Ne6
33. Bg3 Qd5 34. Re5 Qd7 35. f4 Nc7 36. Qe2 Rxe5 37. dxe5 Nd5 38. g5 hxg5 39.
fxg5 Qh3 40. Bh2 Qd3 41. Qxd3 cxd3 42. Kf2 f6 43. exf6 gxf6 44. g6 Kg7 45.
Bb8 a6 46. Ke1 Ne7 47. Bf4 Nf5 48. Kd2 c5 49. Kxd3 b5 50. Ke4 Ne7 51. Bd6
Nc6 52. Bxc5 Ne5 53. Kd5 Kh6 54. Be3+ Kg7 55. Kc5 Nc4 56. Bc1 Ne5 57. Kb6
Nd7+ 58. Kxa6 Ne5 59. Kxb5 Nd7 60. a4 Nf8 61. a5 Ne6 62. a6 Nc7+ 63. Kb6
Nxa6 64. Kxa6 f5 65. Kb5 f4 66. Kc4 f3 67. Be3 f2 68. Bxf2 Kh6 69. Kd3 Kg7
70. b4 Kf6 71. b5 Kg7 72. Be3 Kf6 73. b6 Kg7 74. b7 Kf6 75. b8=Q Kg7 76.
Qe5+ Kf8 77. Qf6+ Kg8 78. Qf7+ Kh8 79. Qh7# {Black checkmated} 1-0

[Event "ICCopen2016"]
[Site "Internet Chess Club"]
[Date "2016.06.04"]
[Round "4"]
[White "xavielhumilde"]
[Black "A4-H5"]
[Result "1-0"]
[ICCResult "Black forfeits on time"]
[WhiteElo "1637"]
[BlackElo "1784"]
[Opening "Sicilian: Canal-Sokolsky (Nimzovich-Rossolimo, Moscow) attack"]
[ECO "B51"]
[NIC "SI.01"]
[Time "14:36:04"]
[TimeControl "180+0"]

1. e4 c5 2. Nf3 d6 3. Bb5+ Nc6 4. O-O Bg4 5. h3 Bxf3 6. Qxf3 Qb6 7. Nc3 Nf6
8. d3 a6 9. Bxc6+ Qxc6 10. Bf4 e5 11. Bg5 Nd7 12. Qg3 f6 13. Be3 O-O-O 14.
f4 b5 15. a3 Nb6 16. f5 Kb7 17. Qf3 Be7 18. Nd5 Nxd5 19. exd5 Qd7 20. c4 g6
21. fxg6 hxg6 22. b4 f5 23. bxc5 dxc5 24. d6+ Qc6 25. dxe7 Rd7 26. Bxc5 e4
27. Qf2 exd3 28. cxb5 axb5 29. Bb4 Re8 30. Rac1 Qe4 31. Qf3 d2 32. Rcd1 Qxf3
33. Rxf3 Rd5 34. Rf2 Rd7 35. Rfxd2 Rdxe7 36. Bxe7 Rxe7 37. Rd7+ Rxd7 38.
Rxd7+ Kc6 39. Rg7 f4 40. Rxg6+ Kc5 41. Rf6 Kc4 42. Rxf4+ Kb3 43. Rb4+ Kc3
44. Rxb5 Kd4 45. Rb7 {Black forfeits on time} 1-0